 Dungeon Crawl Stone Soup version 0.22.1-2-g9c5b331 (webtiles) character file.

58 MalarOregon the Chiller (level 4, -4/32 HPs)
             Began as a Merfolk Ice Elementalist on Nov 12, 2018.
             Slain by a worm (10 damage)
             ... on level 2 of the Dungeon.
             The game lasted 00:05:00 (1818 turns).

MalarOregon the Chiller (Merfolk Ice Elementalist)  Turns: 1818, Time: 00:05:00

Health: -4/32      AC:  2    Str:  8    XL:     4   Next: 1%
Magic:  1/7        EV: 13    Int: 15    God:
Gold:   41         SH:  0    Dex: 14    Spells: 5/8 levels left

rFire    . . .     SeeInvis .   p - +0 spear
rCold    . . .     Gourm    .   (no shield)
rNeg     . . .     Faith    .   a - +0 robe
rPois    .         Spirit   .   (no helmet)
rElec    .         Reflect  .   (no cloak)
rCorr    .         Harm     .   (no gloves)
MR       .....                  (no boots)
Stlth    ++........             (no amulet)
HPRegen  0.10/turn              (no ring)
MPRegen  0.10/turn              (no ring)

@: very slightly contaminated
A: change form in water, swift swim, stealthy swim
a: no special abilities


You were on level 2 of the Dungeon.
You were hungry.

You visited 1 branch of the dungeon, and saw 2 of its levels.

You collected 41 gold pieces.

Inventory:

Hand Weapons
 p - a +0 spear (weapon)
   (You found it on level 2 of the Dungeon)
Missiles
 h - 19 poisoned needles
 k - 2 needles of confusion
Armour
 a - a +0 robe (worn)
Jewellery
 i - a +4 amulet of reflection {unknown}
   (You found it on level 1 of the Dungeon)
Scrolls
 c - 2 scrolls of remove curse {unknown}
 d - a scroll of magic mapping {unknown}
 l - 2 scrolls of identify {unknown}
 m - a scroll of fog {unknown}
 n - 2 scrolls of enchant weapon {unknown}
Potions
 b - a potion of haste {unknown}
 f - 2 potions of curing {unknown}
 g - a potion of degeneration {unknown}
 o - a potion of might {unknown}
Comestibles
 e - 5 rations {!d}
 j - a chunk of flesh


   Skills:
 + Level 1.5 Fighting
 + Level 0.5 Polearms
 + Level 3.5 Dodging
 - Level 2.1 Stealth
 + Level 2.5 Spellcasting
 - Level 0.7 Conjurations
 + Level 3.9 Ice Magic


You had 5 spell levels left.
You knew the following spells:

 Your Spells              Type           Power        Failure   Level  Hunger
a - Freeze                Ice            ##..         4%          1    #......
x - Throw Frost           Conj/Ice       #.....       12%         2    ###....

Your spell library contained the following spells:

 Spells                   Type           Power        Failure   Level  Hunger
 Ozocubu's Armour         Chrm/Ice       #.......     28%         3    ###....
 Throw Icicle             Conj/Ice       #.......     63%         4    #####..
 Summon Ice Beast         Ice/Summ       #.......     67%         4    #####..


Dungeon Overview and Level Annotations

Branches:
Dungeon (2/15)

Altars:


Message History

You reach to attack!
You barely miss the worm. The rat bites you.
Attack whom?
Aim: a worm The rat is in the way.
You barely miss the rat. The rat barely misses you.
Attack whom?
Aim: a worm You reach to attack!
You hit the worm. The rat closely misses you.
Attack whom?
Aim: a worm (moderately wounded)
The rat is in the way.
You barely miss the rat. The rat bites you.
Attack whom?
Aim: a worm (moderately wounded)
You reach to attack!
You hit the worm. The rat barely misses you.
Attack whom?
Aim: a worm (moderately wounded)
The rat is in the way.
You hit the rat.
You kill the rat!
Attack whom?
Aim: a worm (moderately wounded)
You reach to attack!
You hit the worm.
Aim: a worm (moderately wounded)
You miscast Freeze.
You are very lightly contaminated with residual magic.
Nothing appears to happen.
The worm bites you!
* * * LOW HITPOINT WARNING * * *
Aim: a worm (moderately wounded)
You freeze the worm.
Aim: a worm (heavily wounded)
You freeze the worm. The worm completely misses you.
You don't have enough magic to cast that spell.
You hit the worm. The worm bites you!
* * * LOW HITPOINT WARNING * * *
Attack whom?
Aim: a worm (severely wounded)
You reach to attack!
You hit the worm but do no damage.
Attack whom?
Aim: a worm (severely wounded)
You reach to attack!
You hit the worm.
Attack whom?
Aim: a worm (almost dead)
You reach to attack!
You hit the worm but do no damage.
Attack whom?
Aim: a worm (severely wounded)
You reach to attack!
You hit the worm but do no damage.
Attack whom?
Aim: a worm (severely wounded)
You reach to attack!
You barely miss the worm.
Aim: a worm (heavily wounded)
You freeze the worm. The worm bites you!
You die...

.....#...#..# ... ............
###..#......# #..##..##.##.......
###..#...#..# #..#...............
............# #..#.........#..###
###..#...#..###..#...##.##†#..###
.........#.............. #.......
####'#.....####......# #.#..##.
#....................#####.#.....
#.........##.##.@w.......(....##.
#.........##.##..#..##.###.#..##.
.........###.##........# #.#..##.
.........# #.##..#...#.# #.#..##.
####.....# #.##..#...#.# #(#..##.
#.#.#+#.# #.##..#.#>#.###.#..##.
##.#.....###.##..#.#..........##.
...#.............................
#..#.....###.##..####.........###


You could see a worm.

Vanquished Creatures
  2 adders (D:2)
  A worm (D:2)
  4 bats (D:2)
  A giant cockroach (D:2)
  A goblin (D:1)
  5 hobgoblins
  3 jackals (D:2)
  3 ball pythons
  3 frilled lizards
  6 kobolds
  10 rats
39 creatures vanquished.

Notes
Turn   | Place    | Note
-------+----------+-------------------------------------------
     0 | D:1      | MalarOregon the Merfolk Ice Elementalist began the quest
                  | for the Orb.
     0 | D:1      | Reached XP level 1. HP: 13/13 MP: 3/3
   311 | D:1      | Reached XP level 2. HP: 20/20 MP: 3/5
   836 | D:2      | Reached skill level 1 in Fighting
  1137 | D:2      | Reached XP level 3. HP: 25/26 MP: 2/6
  1310 | D:2      | Learned a level 2 spell: Throw Frost
  1791 | D:2      | Reached XP level 4. HP: 23/32 MP: 2/7
  1818 | D:2      | Slain by a worm

Skill      XL: |  1  2 |
---------------+-------+-----
Dodging        | 3 |  3.5
Fighting       | 1 |  1.5
Polearms       | |  0.5
Stealth        | |  2.1
Spellcasting   | |  2.5
Conjurations   | |  0.7
Ice Magic      | |  3.9

Action                   |  1- 3 |  4- 6 || total
-------------------------+-------+-------++-------
Melee: Club              |     3 |       ||     3
       Mace              |    36 |       ||    36
       Spear             |    26 |    15 ||    41
 Cast: Freeze            |    29 |     3 ||    32
       Throw Frost       |     6 |       ||     6
 Stab: Sleeping          |     5 |       ||     5
  Eat: Chunk             |     3 |       ||     3
Armor: Robe              |    10 |       ||    10
Dodge: Dodged            |    61 |     6 ||    67
